 Dungeon Crawl Stone Soup version 0.19.1 (webtiles) character file.

56 Firecrotchwizard the Twirler (level 3, -3/22 HPs)
             Began as a Gargoyle Gladiator on Dec 15, 2016.
             Slain by a goblin (4 damage)
             ... led by Robin
             ... on level 2 of the Dungeon.
             The game lasted 00:03:10 (1231 turns).

Firecrotchwizard the Twirler (Gargoyle Gladiator)   Turns: 1231, Time: 00:03:11

Health: -3/22      AC:  7    Str: 18    XL:     3   Next: 95%
Magic:  3/3        EV: 12    Int:  8    God:
Gold:   46         SH:  0    Dex: 11    Spells: 0 memorised, 2 levels left

rFire  . . .     SeeInvis .     a - +0 quarterstaff
rCold  . . .     Gourm    .     b - +0 leather armour
rNeg   + . .     Faith    .     (shield currently unavailable)
rPois  ∞         Spirit   .     c - +0 helmet
rElec  +         Reflect  .     (no cloak)
rCorr  .         Harm     .     (no gloves)
MR     .....                    (no boots)
Stlth  +.........               (no amulet)
                                (no ring)
                                (no ring)

@: no status effects
A: negative energy resistance 1, electricity resistance, unbreathing,
petrification resistance, rot immunity, AC +3
a: no special abilities


You were on level 2 of the Dungeon.
You were not hungry.

You visited 1 branch of the dungeon, and saw 2 of its levels.

You collected 46 gold pieces.

Inventory:

Hand Weapons
 a - a +0 quarterstaff (weapon)
Missiles
 d - 3 throwing nets (quivered)
 e - 22 poisoned needles
Armour
 b - a +0 leather armour (worn)
 c - a +0 helmet (worn)
Scrolls
 g - a scroll of identify {unknown}
 i - a scroll of random uselessness {unknown}
 l - a scroll of remove curse {unknown}
Potions
 h - a potion of heal wounds {unknown}
 j - a potion of magic {unknown}
Comestibles
 f - 2 bread rations
 k - 3 chunks of flesh


   Skills:
 + Level 2.8 Fighting
 * Level 4.4 Staves
 - Level 1.7 Throwing
 - Level 2.4 Dodging


You had 2 spell levels left.
You didn't know any spells.

Dungeon Overview and Level Annotations

Branches:
Dungeon (2/15)

Altars:
Okawaru

Annotations:
D:2 Robin


Innate Abilities, Weirdness & Mutations

You are resistant to torment.
Your stone body is resilient. (AC +3)
You are immune to poison.
You resist negative energy. (rN+)
You are resistant to electric shocks. (rElec)
You can survive without breathing.
You are immune to petrification.
You are immune to rotting.


Message History

The ball python barely misses you. The ball python constricts you.
The goblin hits you but does no damage. The goblin barely misses you.
You barely miss the ball python. The ball python bites you.
The ball python constricts you. The goblin barely misses you.
The goblin hits you with a club.
* * * LOW HITPOINT WARNING * * *
The ball python barely misses you. The ball python constricts you.
You are too injured to fight recklessly!
You are too injured to fight recklessly!
You sock the ball python!
You kill the ball python!
The goblin barely misses you. The goblin hits you but does no damage.
You hit the goblin.
The goblin is moderately wounded.
The goblin hits you but does no damage. The goblin barely misses you.
The goblin hits you but does no damage.
You barely miss the goblin.
The goblin is moderately wounded.
The goblin hits you but does no damage. The goblin hits you.
You die...

.........###........
.........#.......#.#
....................
.........#..........
....................
#.######.....####...
##......# ..
##....#.g## .
##...##..g@# ..#
###.......##g##..#.#
#...).>.###ggg.....#
#.##<#......ggg..###
#####.#).##.###..#g.##
.......)........#_#...
.....#.......... #
....# ................
.... ..............##
....


You could see Robin, 2 hobgoblins and 7 goblins.

Vanquished Creatures
  3 dart slugs (D:1)
  2 leopard geckos (D:1)
  5 bats (D:1)
  2 giant cockroaches
  5 goblins
  10 hobgoblins
  4 jackals (D:1)
  A kobold (D:2)
  2 ball pythons (D:2)
  5 frilled lizards
  4 rats
43 creatures vanquished.

Notes
Turn   | Place    | Note
-------+----------+-------------------------------------------
     0 | D:1      | Firecrotchwizard the Gargoyle Gladiator began the quest for the Orb.
     0 | D:1      | Reached XP level 1. HP: 12/12 MP: 1/1
    73 | D:1      | Reached XP level 2. HP: 12/18 MP: 2/2
   290 | D:1      | Reached XP level 3. HP: 16/22 MP: 3/3
   467 | D:1      | Reached skill level 4 in Staves
  1203 | D:2      | Found an iron altar of Okawaru.
  1219 | D:2      | Noticed Robin
  1228 | D:2      | HP: 1/22 [goblin/club[Robin] (6)]
  1231 | D:2      | Slain by a goblin

Skill      XL: |  1  2  3 |
---------------+----------+-----
Staves         | 4 |  4.4
Fighting       | |  2.8
Throwing       | |  1.7
Dodging        | |  2.4

Action                   || total
-------------------------++-------
Melee: Quarterstaff      ||   120
  Eat: Chunk             ||     1
Armor: Leather armour    ||    51
Dodge: Dodged            ||    67
